| TOP OF THE 1ST |
|
Syracuse Chiefs batting - Pitching for Colorado Springs Sky Sox : LHP Bubba Fields
|
|
Pitching: LHP Bubba Fields
|
|
|
Batting: RHB Kevin Wick
|
0-0: Called Strike 0-1: Swinging Strike 0-2: Strikes out looking
|
|
Batting: RHB Dusty Ballard
|
0-0: Fly out, F7 (Flyball, 78D, EV 95.0 MPH)
|
|
Batting: RHB Nate Dickinson
|
0-0: Ball 1-0: Swinging Strike 1-1: Ball 2-1: Ball 3-1: Base on Balls
|
|
Batting: RHB Ryan Hiemer
|
0-0: Called Strike 0-1: Ball 1-1: Ball 2-1: Foul Ball, location: 2F 2-2: SINGLE (Groundball, 5D, EV 96.9 MPH) Nate Dickinson to second
|
|
Batting: RHB Jon Buscher
|
0-0: Ball 1-0: Called Strike 1-1: Fielders Choice at 2nd, 6-4 (Groundball, 6D, EV 86.9 MPH)
|
| Top of the 1st over - 0 runs, 1 hit, 0 errors, 2 left on base; Syracuse 0 - Colorado Springs 0 |
| BOTTOM OF THE 1ST |
|
Colorado Springs Sky Sox batting - Pitching for Syracuse Chiefs : RHP Danny Newbegin
|
|
Pitching: RHP Danny Newbegin
|
|
|
Batting: RHB Orlando Fernandez
|
0-0: Ball 1-0: SINGLE (Groundball, 6M, EV 103.8 MPH)
|
|
Batting: LHB Tony Ponce
|
0-0: Ball 1-0: Ball 2-0: Called Strike 2-1: Swinging Strike 2-2: Ball 3-2: Fly out, F8 (Flyball, 8LM, EV 85.0 MPH)
|
|
Batting: LHB Matt Steinke
|
0-0: Foul Ball, location: 2F 0-1: Ball 1-1: Ball 2-1: Ball 3-1: Called Strike 3-2: Ground out 6-3 (Groundball, 56, EV 95.6 MPH) Orlando Fernandez to second
|
|
Batting: RHB Devine Adams
|
0-0: Ball 1-0: Ground out 6-3 (Groundball, 6, EV 85.6 MPH)
|
| Bottom of the 1st over - 0 runs, 1 hit, 0 errors, 1 left on base; Syracuse 0 - Colorado Springs 0 |
| TOP OF THE 2ND |
|
Syracuse Chiefs batting - Pitching for Colorado Springs Sky Sox : LHP Bubba Fields
|
|
Batting: RHB Niek de Haan
|
0-0: Foul Ball, location: 2F 0-1: Ball 1-1: Swinging Strike 1-2: Strikes out swinging
|
|
Batting: RHB Ke-yue Hong
|
0-0: Ball 1-0: Foul Ball, location: 2F 1-1: Swinging Strike 1-2: Ball 2-2: Strikes out swinging
|
|
Batting: LHB Dana McDonald
|
0-0: Foul Ball, location: 2F 0-1: Swinging Strike 0-2: Foul Ball, location: 2F 0-2: Ball 1-2: Strikes out swinging
|
| Top of the 2nd over - 0 runs, 0 hits, 0 errors, 0 left on base; Syracuse 0 - Colorado Springs 0 |
| BOTTOM OF THE 2ND |
|
Colorado Springs Sky Sox batting - Pitching for Syracuse Chiefs : RHP Danny Newbegin
|
|
Batting: LHB Koson Hirai
|
0-0: Ball 1-0: Called Strike 1-1: Called Strike 1-2: Fly out, F6 (Popup, 6M, EV 49.4 MPH)
|
|
Batting: RHB George Lundy
|
0-0: Called Strike 0-1: Ball 1-1: SINGLE (Groundball, 6, EV 106.2 MPH)
|
|
Batting: RHB Fu-Kang Duan
|
0-0: Ball 1-0: Foul Ball, location: 2F 1-1: Ball 2-1: Ball 3-1: Swinging Strike 3-2: Foul Ball, location: 2F 3-2: Fly out, F7 (Line Drive, 7S, EV 105.0 MPH)
|
|
Batting: RHB Dwane Reed
|
0-0: Ball 1-0: Called Strike 1-1: Foul Ball, location: 2F 1-2: Ball 2-2: Ball 3-2: Base on Balls George Lundy to second
|
|
Batting: RHB Ethan McCullough
|
0-0: Foul Ball, location: 2F 0-1: SINGLE (Line Drive, 6MD, EV 93.8 MPH) George Lundy to third Dwane Reed to second Runner from 3rd tries for Home, SAFE, throw by CF to home
|
|
Batting: RHB Orlando Fernandez
|
0-0: Ball 1-0: Fly out, F7 (Flyball, 7, EV 95.6 MPH)
|
| Bottom of the 2nd over - 1 run, 2 hits, 0 errors, 2 left on base; Syracuse 0 - Colorado Springs 1 |
| TOP OF THE 3RD |
|
Syracuse Chiefs batting - Pitching for Colorado Springs Sky Sox : LHP Bubba Fields
|
|
Batting: LHB Kyung-jin Cho
|
0-0: Ball 1-0: Ground out U3 (Groundball, 34, EV 98.8 MPH)
|
|
Batting: RHB Kevin Wick
|
0-0: Foul Ball, location: 2F 0-1: Ball 1-1: Ball 2-1: Foul Ball, location: 2F 2-2: Fly out, F4 (Line Drive, 4M, EV 63.8 MPH)
|
|
Batting: RHB Dusty Ballard
|
0-0: Ball 1-0: Foul Ball, location: 2F 1-1: Ground out U3 (Groundball, 34, EV 108.8 MPH)
|
| Top of the 3rd over - 0 runs, 0 hits, 0 errors, 0 left on base; Syracuse 0 - Colorado Springs 1 |
| BOTTOM OF THE 3RD |
|
Colorado Springs Sky Sox batting - Pitching for Syracuse Chiefs : RHP Danny Newbegin
|
|
Batting: LHB Tony Ponce
|
0-0: SINGLE (Groundball, 25, EV 66.9 MPH) (infield hit)
|
|
Batting: LHB Matt Steinke
|
0-0: Ball 1-0: Ball 2-0: Ball 3-0: Called Strike 3-1: SINGLE (Groundball, 4D, EV 95.0 MPH) Tony Ponce to second Runner from 2nd tries for 3rd, SAFE, throw by RF made to third Matt Steinke to second
|
|
Batting: RHB Devine Adams
|
0-0: Called Strike 0-1: Ball 1-1: Ball 2-1: Foul Ball, location: 2F 2-2: 3-RUN HOME RUN (Flyball, 7D, EV 99.4 MPH), Distance : 381 ft
|
|
Batting: LHB Koson Hirai
|
0-0: Ball 1-0: Ball 2-0: Ball 3-0: Base on Balls
|
|
Batting: RHB George Lundy
|
0-0: Called Strike 0-1: Called Strike Koson Hirai steals 2nd, throwing error, E2 Koson Hirai to third 0-2: Ball 1-2: Strikes out swinging
|
|
Batting: RHB Fu-Kang Duan
|
0-0: Ball 1-0: Called Strike 1-1: Ground out 5-3 (Groundball, 56, EV 106.9 MPH) Koson Hirai scores
|
|
Batting: RHB Dwane Reed
|
0-0: Ball 1-0: Ball 2-0: SINGLE (Groundball, 6MD, EV 101.2 MPH)
|
|
Pitching: LHP James Knapp
|
|
|
Batting: RHB Ethan McCullough
|
0-0: Ball 1-0: Fly out, F8 (Flyball, 89S, EV 81.2 MPH)
|
| Bottom of the 3rd over - 4 runs, 4 hits, 1 error, 1 left on base; Syracuse 0 - Colorado Springs 5 |
| TOP OF THE 4TH |
|
Syracuse Chiefs batting - Pitching for Colorado Springs Sky Sox : LHP Bubba Fields
|
|
Batting: RHB Nate Dickinson
|
0-0: Ball 1-0: Ground out 5-3 (Groundball, 56, EV 104.4 MPH)
|
|
Batting: RHB Ryan Hiemer
|
0-0: Called Strike 0-1: Called Strike 0-2: Fly out, F4 (Line Drive, 4MD, EV 66.2 MPH)
|
|
Batting: RHB Jon Buscher
|
0-0: Ground out 2-3 (Groundball, 2L, EV 68.1 MPH)
|
| Top of the 4th over - 0 runs, 0 hits, 0 errors, 0 left on base; Syracuse 0 - Colorado Springs 5 |
| BOTTOM OF THE 4TH |
|
Colorado Springs Sky Sox batting - Pitching for Syracuse Chiefs : LHP James Knapp
|
|
Batting: RHB Orlando Fernandez
|
0-0: Called Strike 0-1: Ball 1-1: Ball 2-1: Swinging Strike 2-2: Strikes out looking
|
|
Batting: LHB Tony Ponce
|
0-0: Called Strike 0-1: Foul Ball, location: 2F 0-2: Foul Ball, location: 2F 0-2: Ground out 4-3 (Groundball, 4, EV 83.1 MPH)
|
|
Batting: LHB Matt Steinke
|
0-0: Called Strike 0-1: Ball 1-1: Foul Ball, location: 2F 1-2: SINGLE (Line Drive, 34, EV 93.8 MPH)
|
|
Batting: RHB Devine Adams
|
0-0: Ball 1-0: Swinging Strike 1-1: Ball 2-1: Swinging Strike 2-2: Ball 3-2: 2-RUN HOME RUN (Flyball, 7D, EV 95.6 MPH), Distance : 384 ft
|
|
Batting: LHB Koson Hirai
|
0-0: Called Strike 0-1: Ball 1-1: DOUBLE (Line Drive, 3D, EV 103.1 MPH)
|
|
Batting: RHB George Lundy
|
0-0: Called Strike 0-1: Ball 1-1: Ball 2-1: Foul Ball, location: 2F 2-2: Ball 3-2: Foul Ball, location: 2F 3-2: Foul Ball, location: 2F 3-2: Fly out, F9 (Flyball, 9S, EV 94.4 MPH)
|
| Bottom of the 4th over - 2 runs, 3 hits, 0 errors, 1 left on base; Syracuse 0 - Colorado Springs 7 |
| TOP OF THE 5TH |
|
Syracuse Chiefs batting - Pitching for Colorado Springs Sky Sox : LHP Bubba Fields
|
|
Batting: RHB Niek de Haan
|
0-0: Ground out 3-1 (Groundball, 34, EV 102.5 MPH)
|
|
Batting: RHB Ke-yue Hong
|
0-0: Ball 1-0: DOUBLE (Line Drive, 9LS, EV 106.2 MPH)
|
|
Batting: LHB Dana McDonald
|
0-0: Called Strike 0-1: Ball 1-1: Foul Ball, location: 2F 1-2: Foul Ball, location: 2F 1-2: Ground out 6-3 (Groundball, 6, EV 88.8 MPH) Ke-yue Hong to third
|
|
Batting: LHB Kyung-jin Cho
|
0-0: Ball 1-0: Called Strike 1-1: Foul Ball, location: 2F 1-2: SINGLE (Groundball, 34D, EV 105.0 MPH) Ke-yue Hong scores
|
|
Batting: RHB Kevin Wick
|
0-0: Called Strike Kyung-jin Cho steals 2nd base 0-1: Ball 1-1: Ball 2-1: SINGLE (Groundball, 4D, EV 101.9 MPH) Kyung-jin Cho to third Runner from 3rd tries for Home, SAFE, throw by CF to home Kevin Wick to second
|
|
Batting: RHB Dusty Ballard
|
0-0: Called Strike 0-1: Ball 1-1: Fly out, F8 (Flyball, 78D, EV 95.0 MPH)
|
| Top of the 5th over - 2 runs, 3 hits, 0 errors, 1 left on base; Syracuse 2 - Colorado Springs 7 |
| BOTTOM OF THE 5TH |
|
Colorado Springs Sky Sox batting - Pitching for Syracuse Chiefs : LHP James Knapp
|
|
Batting: RHB Fu-Kang Duan
|
0-0: Called Strike 0-1: Called Strike 0-2: Foul Ball, location: 2F 0-2: Ball 1-2: TRIPLE (Flyball, 7D, EV 107.5 MPH)
|
|
Batting: RHB Dwane Reed
|
0-0: Ball 1-0: Ball 2-0: Ball 3-0: Called Strike 3-1: Base on Balls
|
|
Batting: RHB Ethan McCullough
|
0-0: SINGLE (Flyball, 9LS, EV 91.9 MPH) Fu-Kang Duan scores Dwane Reed to second Runner from 2nd tries for 3rd, SAFE, throw by RF made to third
|
|
Pitching: RHP Johnny Marquez
|
|
|
Batting: RHB Orlando Fernandez
|
0-0: Ball 1-0: Called Strike 1-1: Ball 2-1: Foul Ball, location: 2F 2-2: Foul Ball, location: 2F 2-2: DOUBLE (Line Drive, 5D, EV 101.2 MPH) Dwane Reed scores Ethan McCullough to third
|
|
Batting: LHB Tony Ponce
|
0-0: Ball 1-0: Swinging Strike 1-1: Ground out 4-3 (Groundball, 4, EV 108.1 MPH) Ethan McCullough scores Orlando Fernandez to third
|
|
Batting: LHB Matt Steinke
|
0-0: SINGLE (Line Drive, 34D, EV 95.0 MPH) Orlando Fernandez scores
|
|
Batting: RHB Devine Adams
|
0-0: Ball 1-0: Ball 2-0: Ball 3-0: Base on Balls Matt Steinke to second
|
|
Batting: LHB Koson Hirai
|
0-0: Called Strike 0-1: Fly out, F7 (Line Drive, 7, EV 91.2 MPH)
|
|
Batting: RHB George Lundy
|
0-0: Ball 1-0: Fielders Choice at 2nd, 6-4 (Groundball, 6, EV 93.8 MPH)
|
| Bottom of the 5th over - 4 runs, 4 hits, 0 errors, 2 left on base; Syracuse 2 - Colorado Springs 11 |
| TOP OF THE 6TH |
|
Syracuse Chiefs batting - Pitching for Colorado Springs Sky Sox : LHP Bubba Fields
|
|
Batting: RHB Nate Dickinson
|
0-0: Foul Ball, location: 2F 0-1: Fly out, F7 (Flyball, 7, EV 93.8 MPH)
|
|
Batting: RHB Ryan Hiemer
|
0-0: Ball 1-0: Ball 2-0: Ball 3-0: Base on Balls
|
|
Batting: RHB Jon Buscher
|
0-0: Ground out 4-3 (Groundball, 34, EV 97.5 MPH) Ryan Hiemer to second
|
|
Batting: RHB Niek de Haan
|
0-0: Swinging Strike 0-1: Foul Ball, location: 2F 0-2: Strikes out swinging
|
| Top of the 6th over - 0 runs, 0 hits, 0 errors, 1 left on base; Syracuse 2 - Colorado Springs 11 |
| BOTTOM OF THE 6TH |
|
Colorado Springs Sky Sox batting - Pitching for Syracuse Chiefs : RHP Johnny Marquez
|
|
Batting: RHB Fu-Kang Duan
|
0-0: Called Strike 0-1: Foul Ball, location: 2F 0-2: Strikes out swinging
|
|
Batting: RHB Dwane Reed
|
0-0: Ball 1-0: Ball 2-0: Called Strike 2-1: Ball 3-1: Foul Ball, location: 2F 3-2: Foul Ball, location: 2F 3-2: Strikes out swinging
|
|
Batting: RHB Ethan McCullough
|
0-0: SINGLE (Groundball, 34D, EV 98.1 MPH)
|
|
Batting: RHB Orlando Fernandez
|
0-0: Ball 1-0: Called Strike 1-1: SINGLE (Line Drive, 7LS, EV 93.1 MPH) Ethan McCullough to second
|
|
Batting: LHB Tony Ponce
|
0-0: Swinging Strike 0-1: Ball 1-1: Ball 2-1: Foul Ball, location: 2F 2-2: Foul Ball, location: 2F 2-2: Ball 3-2: SINGLE (Groundball, 56, EV 96.9 MPH) Ethan McCullough to third Orlando Fernandez to second Ethan McCullough scores Orlando Fernandez to third
|
|
Batting: LHB Matt Steinke
|
0-0: Ball 1-0: Called Strike 1-1: Swinging Strike 1-2: Foul Ball, location: 2F 1-2: Strikes out swinging passed ball, reaches first! Orlando Fernandez scores Tony Ponce to second
|
|
Batting: RHB Devine Adams
|
0-0: Ball 1-0: Called Strike 1-1: Ground out 3-1 (Groundball, 34S, EV 90.0 MPH)
|
| Bottom of the 6th over - 2 runs, 3 hits, 0 errors, 2 left on base; Syracuse 2 - Colorado Springs 13 |
| TOP OF THE 7TH |
|
Syracuse Chiefs batting - Pitching for Colorado Springs Sky Sox : LHP Bubba Fields
|
|
Pinch Hitting: SHB Alex Ethridge
|
0-0: SINGLE (Groundball, 3, EV 96.2 MPH)
|
|
Batting: LHB Dana McDonald
|
0-0: Ball 1-0: Swinging Strike 1-1: Foul Ball, location: 2F 1-2: Ball 2-2: Ball 3-2: Base on Balls Alex Ethridge to second
|
|
Batting: LHB Kyung-jin Cho
|
0-0: Fly out, F6 (Popup, P, EV 76.9 MPH)
|
|
Batting: RHB Kevin Wick
|
0-0: Ball Alex Ethridge steals 3rd base Dana McDonald to second 1-0: Ball 2-0: Called Strike 2-1: Swinging Strike 2-2: Ball 3-2: Strikes out looking
|
|
Batting: RHB Dusty Ballard
|
0-0: Fly out, F9 (Flyball, 9, EV 91.2 MPH)
|
| Top of the 7th over - 0 runs, 1 hit, 0 errors, 2 left on base; Syracuse 2 - Colorado Springs 13 |
| BOTTOM OF THE 7TH |
|
Colorado Springs Sky Sox batting - Pitching for Syracuse Chiefs : RHP Johnny Marquez
|
|
Pitching: LHP Jose Torres
|
|
|
Now in CF: Nate Dickinson
|
|
|
Now in RF: Alex Ethridge
|
|
|
Batting: LHB Koson Hirai
|
0-0: Ball 1-0: Fly out, F7 (Flyball, 7D, EV 83.1 MPH)
|
|
DELAY
|
Rain delay of 64 minutes in the 7th inning.
|
|
Batting: RHB George Lundy
|
0-0: Foul Ball, location: 2F 0-1: Ball 1-1: Foul Ball, location: 2F 1-2: Foul Ball, location: 2F 1-2: Foul Ball, location: 2F 1-2: Ball 2-2: Ball 3-2: DOUBLE (Line Drive, 89D, EV 101.9 MPH)
|
|
Batting: RHB Fu-Kang Duan
|
0-0: Ball 1-0: Ball 2-0: Called Strike 2-1: Ground out 6-3 (Groundball, 6, EV 86.9 MPH) George Lundy to third
|
|
Batting: RHB Dwane Reed
|
0-0: Called Strike 0-1: Ball 1-1: Called Strike 1-2: Ball 2-2: Ball 3-2: Base on Balls
|
|
Pitching: RHP Bill Stump
|
|
|
Batting: RHB Ethan McCullough
|
0-0: Foul Ball, location: 2F 0-1: Ball Wild Pitch! George Lundy scores Dwane Reed to second 1-1: Fly out, F8 (Flyball, 8LD, EV 104.4 MPH)
|
| Bottom of the 7th over - 1 run, 1 hit, 0 errors, 1 left on base; Syracuse 2 - Colorado Springs 14 |
| TOP OF THE 8TH |
|
Syracuse Chiefs batting - Pitching for Colorado Springs Sky Sox : LHP Bubba Fields
|
|
Pitching: RHP Mike Wilkins
|
|
|
Batting: RHB Nate Dickinson
|
0-0: Foul Ball, location: 2F 0-1: Ball 1-1: Ball 2-1: Ground out 6-3 (Groundball, 6MD, EV 99.4 MPH)
|
|
Batting: RHB Ryan Hiemer
|
0-0: Ball 1-0: Ball 2-0: Ball 3-0: Base on Balls
|
|
Batting: RHB Jon Buscher
|
0-0: Ball 1-0: Ball 2-0: Ball 3-0: Base on Balls Ryan Hiemer to second
|
|
Batting: RHB Niek de Haan
|
0-0: Fielders Choice at 2nd, 6-4 (Groundball, 6, EV 103.1 MPH) Ryan Hiemer to third
|
|
Batting: SHB Alex Ethridge
|
0-0: Swinging Strike 0-1: Foul Ball, location: 2F 0-2: Ground out 4-3 (Groundball, 4, EV 81.2 MPH)
|
| Top of the 8th over - 0 runs, 0 hits, 0 errors, 2 left on base; Syracuse 2 - Colorado Springs 14 |
| BOTTOM OF THE 8TH |
|
Colorado Springs Sky Sox batting - Pitching for Syracuse Chiefs : RHP Bill Stump
|
|
Batting: RHB Orlando Fernandez
|
0-0: Ball 1-0: Ball 2-0: Called Strike 2-1: Ball 3-1: Swinging Strike 3-2: Foul Ball, location: 2F 3-2: Base on Balls
|
|
Batting: LHB Tony Ponce
|
0-0: Foul Ball, location: 2F 0-1: Grounds into double play, 4-6-3 (Groundball, 4M, EV 80.6 MPH)
|
|
Batting: LHB Matt Steinke
|
0-0: Ball 1-0: Called Strike 1-1: Fly out, F9 (Flyball, 9, EV 91.2 MPH)
|
| Bottom of the 8th over - 0 runs, 0 hits, 0 errors, 0 left on base; Syracuse 2 - Colorado Springs 14 |
| TOP OF THE 9TH |
|
Syracuse Chiefs batting - Pitching for Colorado Springs Sky Sox : RHP Mike Wilkins
|
|
Batting: LHB Dana McDonald
|
0-0: Ball 1-0: Fly out, F9 (Flyball, 9D, EV 108.1 MPH)
|
|
Batting: LHB Kyung-jin Cho
|
0-0: Ball 1-0: Called Strike 1-1: Foul Ball, location: 2F 1-2: Ball 2-2: Fly out, F7 (Flyball, 7, EV 83.1 MPH)
|
|
Batting: RHB Kevin Wick
|
0-0: Ball 1-0: Ball 2-0: Ball 3-0: Called Strike 3-1: Fly out, F9 (Line Drive, 9, EV 92.5 MPH)
|
| Top of the 9th over - 0 runs, 0 hits, 0 errors, 0 left on base; Syracuse 2 - Colorado Springs 14 |
|